Map: Rhoskallian LE

Players

firinto

  • Race: Zerg Zerg
  • League: Diamond
  • Spawn Location: 5:00

BEBOU

  • Race: Terran Terran
  • Spawn Location: 6:00

Ekelpack - Winner!

  • Race: Zerg Zerg
  • Spawn Location: 11:00

Nyck - Winner!

  • Race: Terran Terran
  • League: Silver
  • Spawn Location: 12:00

VOD

Have the link to the VOD?

Description

Time

  • Played on: Oct. 29, 2024, 12:41 p.m.
  • Length: 12:52
Show
View Real Time Build Order
Export as new Build Order

firinto Zerg 

Build Orders: Hatch First, Roach Hydra 

Get SALT Encoding   

  12  0:00  Drone  
  13  0:12  Overlord  
  13  0:18  Drone  
  14  0:31  Drone x2  
  14  0:35  Drone  
  17  0:46  Drone, Extractor  
  17  0:57  Drone  
  18  1:04  Hatchery  
  18  1:07  Drone  
  18  1:22  Spawning Pool  
  17  1:39  Drone x2  
  20  1:40  Drone  
  20  2:00  Drone  
  21  2:08  Metabolic Boost  
  21  2:12  Zergling x2  
  21  2:15  Queen  
  22  2:16  Queen  
  22  2:17  Overlord  
  22  2:19  Drone  
  27  2:27  Drone  
  28  2:39  Drone x2  
  28  2:40  Drone  
  31  2:52  Drone x2  
  31  2:56  Overlord  
  31  2:57  Baneling Nest  
  32  3:00  Drone  
  33  3:15  Drone x2  
  35  3:24  Lair  
  35  3:28  Drone x2  
  35  3:29  Drone x2  
  35  3:31  Hatchery  
  35  3:32  Extractor  
  37  3:34  Overlord  
  37  3:42  Zergling x6  
  39  3:49  Zergling x4  
  41  3:59  Drone  
  41  4:01  Drone x3  
  41  4:02  Extractor x2  
  43  4:05  Overlord  
  43  4:06  Drone x3  
  46  4:10  Baneling x3  
  46  4:27  Roach Warren  
  46  4:28  Evolution Chamber  
  43  4:41  Drone x2  
  44  4:51  Zergling x6  
  47  4:53  Overlord x3  
  47  4:55  Overseer  
  47  4:58  Drone  
  47  4:59  Drone x2  
  50  5:02  Zerg Missile Weapons Level 1  
  50  5:06  Glial Reconstitution  
  50  5:08  Drone x4  
  50  5:09  Drone  
  50  5:11  Queen  
  57  5:23  Overlord  
  57  5:25  Roach x2  
  57  5:26  Roach  
  63  5:33  Roach x3  
  63  5:34  Roach  
  71  5:36  Roach  
  71  5:41  Roach x2  
  77  5:48  Spore Crawler  
  77  5:49  Spore Crawler  
  75  5:51  Spore Crawler  
  74  5:57  Hydralisk Den  
  71  6:18  Queen  
  71  6:22  Roach x3  
  71  6:23  Roach x7  
  93  6:28  Spore Crawler  
  92  6:38  Muscular Augments  
  92  6:41  Roach x3  
  98  7:03  Overlord x2  
  98  7:04  Overlord  
  98  7:20  Baneling  
  98  7:21  Hydralisk x5  
  98  7:22  Hydralisk x3  
  114  7:29  Hydralisk  
  114  7:36  Spore Crawler  
  115  7:38  Spore Crawler  
  115  7:41  Drone x6  
  115  7:42  Spore Crawler, Grooved Spines  
  119  7:50  Zerg Missile Weapons Level 2  
  119  7:52  Overlord  
  115  8:18  Hydralisk x5  
  99  8:48  Hydralisk  
  99  8:49  Hydralisk x4  
  109  8:56  Drone x7  
  116  9:06  Spore Crawler  
  115  9:13  Hydralisk x3  
  115  9:16  Overlord x2  
  121  9:22  Drone, Overlord x2  
  96  9:41  Roach x2  
  96  9:42  Roach x7  
  96  9:43  Roach x2  
  112  10:02  Extractor  
  112  10:04  Extractor  
  108  10:07  Hydralisk x3  
  108  10:08  Hydralisk x5  
  124  10:14  Drone x2  
  124  10:15  Drone x2  
  128  10:21  Drone  
  128  10:22  Drone x2  
  131  10:28  Zerg Ground Armor Level 1  
  131  10:29  Drone  
  131  10:30  Drone x3  
  131  10:35  Hatchery, Hydralisk x2  
  134  10:38  Overlord  
  138  10:46  Hydralisk x2  
  142  11:00  Hydralisk x2  
  142  11:01  Hydralisk x3  
  152  11:05  Overlord  
  152  11:07  Overlord  
  152  11:23  Hydralisk x2  
  152  11:25  Overlord x3  
  156  11:31  Spore Crawler  
  155  11:43  Hydralisk x2  
  155  11:44  Hydralisk x6  
  171  11:52  Overlord  
  171  11:54  Baneling  
  166  12:05  Overseer x2  
  166  12:07  Pneumatized Carapace, Hydralisk  
  166  12:08  Hydralisk x2, Roach  
  170  12:09  Roach x2  
Show
View Real Time Build Order
Export as new Build Order

BEBOU Terran 

Build Orders: Reaper Expand 

Get SALT Encoding   

  12  0:00  SCV  
  13  0:12  SCV  
  14  0:18  Supply Depot  
  14  0:27  SCV  
  15  0:39  SCV  
  16  0:43  Barracks  
  16  0:49  Refinery  
  16  0:52  SCV  
  17  1:04  SCV  
  18  1:16  SCV  
  19  1:29  Orbital Command  
  19  1:33  Reaper  
  20  1:43  Command Center  
  20  1:54  Supply Depot  
  20  2:05  Barracks Reactor  
  20  2:08  SCV  
  21  2:20  SCV  
  22  2:37  SCV  
  22  2:40  Factory  
  22  2:43  Refinery  
  23  2:49  SCV  
  24  3:03  SCV  
  24  3:04  Orbital Command  
  25  3:14  Marine  
  25  3:15  SCV, Marine  
  28  3:26  Factory Tech Lab  
  28  3:27  SCV  
  28  3:31  Starport  
  28  3:32  Marine x2  
  31  3:38  Barracks  
  31  3:39  SCV, Barracks  
  33  3:41  SCV  
  33  3:48  Siege Tank  
  36  3:50  Marine  
  36  3:51  SCV  
  38  3:56  SCV  
  38  4:02  Marine  
  40  4:04  SCV  
  40  4:08  Supply Depot, SCV, Marine  
  40  4:09  Starport Reactor  
  43  4:10  Supply Depot  
  43  4:16  SCV  
  44  4:19  Marine  
  45  4:26  Marine  
  45  4:29  Siege Tank  
  49  4:37  Marine  
  50  4:44  Marine  
  51  4:54  SCV  
  51  4:55  SCV  
  51  4:57  Barracks Tech Lab x2  
  51  4:58  Marine  
  54  5:01  Siege Tank, Marine  
  54  5:07  SCV x2, Refinery  
  60  5:08  Refinery  
  60  5:12  Supply Depot  
  60  5:13  Supply Depot  
  60  5:16  Marine  
  60  5:18  Marine, Engineering Bay  
  60  5:20  Engineering Bay, Stimpack  
  62  5:34  SCV x2, Marine x3  
  69  5:38  Supply Depot  
  69  5:41  Marine  
  69  5:42  Supply Depot  
  70  5:44  Supply Depot  
  70  5:46  SCV x2  
  63  5:52  Marine x2  
  63  5:55  Viking x2  
  63  6:15  Missile Turret  
  63  6:18  Missile Turret x2  
  63  6:20  Missile Turret  
  63  6:28  Viking  
  63  6:29  Marine  
  63  6:30  Marine x2  
  68  6:37  SCV x2  
  70  6:49  SCV x2  
  70  6:51  Marine  
  70  6:52  Marine  
  74  7:01  SCV x2  
  72  7:12  Missile Turret  
  63  7:27  Missile Turret  
  63  7:32  Missile Turret x2  
  63  7:34  Missile Turret  
  63  7:35  Missile Turret  
  63  7:36  Missile Turret  
  63  7:49  Marine x3  
  63  7:50  Siege Tank  
  69  8:27  Marine x3  
  69  8:28  Marine  
  69  8:29  Viking  
  69  8:30  Viking  
  77  8:37  Starport  
  77  8:45  Marine x2  
  79  8:52  Marine x2  
  81  8:59  Viking  
  81  9:00  Viking  
  85  9:03  Marine x2  
  87  9:10  Marine x2  
  89  9:21  Marine x2  
  91  9:29  Viking  
  91  9:30  Viking  
  86  9:51  Viking  
  84  9:59  Viking x2  
  81  10:11  SCV x2  
  85  10:23  SCV x2  
  83  10:49  Marine x4  
  85  10:58  Siege Tank  
  88  11:06  Missile Turret  
  88  11:07  Marine x4  
  89  11:25  Marine x4  
  89  11:30  Siege Tank  
  95  11:42  Marine  
  95  11:43  Marine x3  
  99  11:58  Starport  
  99  11:59  Starport  
  99  12:00  Marine  
  99  12:01  Marine x2  
  102  12:19  Marine  
Show
View Real Time Build Order
Export as new Build Order

Ekelpack Zerg - Winner!

Build Orders: Hatch First 

Get SALT Encoding   

  12  0:00  Drone  
  13  0:13  Overlord  
  13  0:19  Drone  
  14  0:32  Drone  
  15  0:50  Drone  
  15  0:52  Hatchery  
  15  1:05  Spawning Pool  
  15  1:09  Drone  
  15  1:12  Extractor  
  15  1:15  Drone  
  15  1:19  Drone  
  15  1:24  Drone  
  17  1:32  Drone  
  18  1:41  Drone  
  19  1:52  Queen  
  22  1:54  Drone  
  22  2:05  Queen  
  22  2:06  Drone  
  25  2:15  Overlord  
  25  2:18  Drone  
  25  2:22  Drone  
  27  2:27  Drone  
  28  2:33  Lair  
  28  2:41  Extractor  
  27  2:47  Drone x2  
  29  2:52  Drone  
  29  2:54  Extractor  
  29  2:59  Drone, Overlord  
  29  3:01  Drone  
  31  3:07  Drone  
  31  3:08  Drone x2  
  31  3:09  Drone x2  
  36  3:20  Drone x3  
  36  3:23  Extractor  
  36  3:25  Overlord  
  38  3:28  Drone  
  38  3:31  Drone  
  40  3:39  Spire  
  39  3:47  Drone x2  
  39  3:48  Drone  
  42  3:53  Drone  
  42  3:54  Drone  
  44  3:55  Overlord  
  44  4:01  Queen  
  46  4:08  Metabolic Boost  
  46  4:11  Overlord  
  46  4:30  Overlord  
  46  4:52  Mutalisk x5  
  50  4:53  Mutalisk x5  
  66  5:00  Zerg Flyer Weapons Level 1  
  66  5:20  Hatchery  
  65  5:38  Drone  
  65  5:39  Infestation Pit  
  65  5:47  Mutalisk x2  
  65  5:48  Mutalisk  
  71  5:53  Zergling x4, Overlord  
  71  5:54  Zergling x2  
  74  6:10  Zergling x4  
  76  6:17  Hive  
  76  6:25  Drone x3  
  79  6:30  Drone x3  
  82  6:34  Overlord x2  
  82  6:40  Extractor  
  82  6:44  Extractor  
  82  6:45  Zergling x4  
  82  6:46  Zergling x2  
  83  6:51  Drone  
  84  6:55  Evolution Chamber  
  84  6:59  Evolution Chamber  
  80  7:20  Zergling x6  
  80  7:21  Zergling x8, Overlord  
  87  7:29  Drone  
  88  7:38  Zerg Melee Weapons Level 1  
  88  7:39  Zerg Ground Armor Level 1  
  88  7:44  Ultralisk Cavern  
  87  7:45  Drone x2  
  89  8:02  Zergling x2  
  89  8:03  Zergling x12  
  96  8:13  Mutalisk  
  96  8:14  Mutalisk x2  
  102  8:25  Spine Crawler  
  102  8:27  Drone x4  
  102  8:28  Spine Crawler, Mutalisk x5  
  102  8:30  Overlord  
  95  8:50  Spine Crawler  
  95  8:52  Spine Crawler x2  
  95  8:55  Drone x5  
  96  8:56  Drone x5  
  96  8:57  Drone x2  
  104  9:07  Chitinous Plating  
  104  9:29  Ultralisk x2  
  104  9:30  Ultralisk  
  119  9:51  Overlord x2  
  119  10:07  Overlord x2  
  119  10:11  Ultralisk  
  119  10:13  Zerg Melee Weapons Level 2, Zerg Ground Armor Level 2  
  125  10:15  Overlord  
  125  10:16  Overlord  
  125  10:26  Anabolic Synthesis  
  125  10:30  Ultralisk x3  
  143  10:46  Zergling x14  
  150  10:50  Adrenal Glands  
  150  10:57  Zergling x4, Overlord x2  
  150  10:58  Zergling x14  
  150  11:02  Overlord x2  
  153  11:21  Ultralisk x2  
  153  11:22  Ultralisk  
  171  11:47  Ultralisk  
  171  11:48  Ultralisk  
  183  12:11  Ultralisk  
  183  12:13  Overlord  
Show
View Real Time Build Order
Export as new Build Order

Nyck Terran - Winner!

Build Orders: Mech 

Get SALT Encoding   

  12  0:00  SCV  
  13  0:12  SCV  
  14  0:19  Supply Depot  
  14  0:24  SCV  
  15  0:40  SCV  
  16  0:43  Barracks  
  16  0:47  Refinery  
  16  0:52  SCV  
  16  0:56  Refinery  
  17  1:04  SCV  
  18  1:22  SCV  
  19  1:28  Supply Depot  
  19  1:35  Factory  
  19  1:39  Orbital Command  
  19  1:48  Barracks Reactor  
  19  2:05  SCV  
  20  2:25  Command Center  
  21  2:37  Hellion  
  21  2:38  Hellion  
  23  2:47  Reaper  
  25  2:58  Hellion  
  25  2:59  Hellion  
  25  3:01  SCV  
  29  3:20  SCV  
  29  3:32  SCV  
  30  3:34  Factory Tech Lab  
  30  3:44  SCV  
  31  4:01  Supply Depot  
  31  4:03  Supply Depot  
  31  4:06  Infernal Pre-Igniter  
  31  4:22  SCV  
  31  4:34  SCV  
  32  4:46  SCV  
  26  4:55  Orbital Command  
  26  4:58  SCV  
  26  5:01  Factory  
  26  5:04  Factory  
  26  5:07  Armory  
  26  5:11  SCV  
  26  5:12  Engineering Bay  
  27  5:23  SCV  
  27  5:26  SCV  
  29  5:36  SCV  
  29  5:38  SCV  
  29  5:39  Hellion  
  33  5:49  Factory  
  33  5:51  Factory Reactor  
  33  5:53  SCV  
  33  5:54  SCV  
  35  6:00  Terran Vehicle And Ship Armor Level 1, Command Center  
  35  6:05  Armory  
  35  6:09  Hellion x3  
  41  6:15  Smart Servos  
  41  6:20  Supply Depot  
  41  6:21  SCV x2  
  43  6:29  Refinery  
  43  6:31  Refinery  
  43  6:33  SCV x2  
  43  6:35  Factory Tech Lab  
  43  6:38  Supply Depot  
  45  6:42  Supply Depot  
  45  6:43  Hellion x3  
  45  6:45  SCV x2  
  53  6:57  SCV x2  
  55  7:06  Hellion x4  
  55  7:07  Hellion  
  65  7:09  SCV x2  
  67  7:21  SCV  
  67  7:22  SCV  
  69  7:31  Terran Vehicle Weapons Level 1  
  69  7:42  SCV x2  
  71  7:46  Siege Tank  
  58  8:18  Siege Tank  
  53  8:20  Hellion x3  
  53  8:21  Hellion  
  61  8:59  Siege Tank  
  61  9:01  Widow Mine x2  
  61  9:02  Widow Mine x2  
  72  9:04  SCV x2  
  74  9:16  Neosteel Armor  
  74  9:18  Terran Vehicle And Ship Armor Level 2  
  74  9:21  SCV x2  
  60  9:55  Widow Mine x4  
  60  9:57  Siege Tank  
  71  10:06  Ghost Academy  
  71  10:10  Engineering Bay  
  71  10:12  SCV x2  
  73  10:19  Drilling Claws  
  73  10:25  Hellbat x4  
  81  10:29  Orbital Command, Siege Tank  
  81  10:35  SCV x2  
  86  10:52  SCV x2  
  86  10:56  Hi-Sec Auto Tracking  
  88  10:58  SCV  
  88  11:01  Siege Tank, Hellbat x2  
  88  11:02  Hellbat x2  
  100  11:04  SCV  
  101  11:13  Supply Depot  
  101  11:25  Refinery  
  101  11:29  Command Center  
  101  11:35  Hellbat x4  
  101  11:37  Supply Depot  
  101  11:39  Nuke  
  109  11:58  SCV x2, Siege Tank  
  109  12:00  Supply Depot  
  110  12:12  Barracks Tech Lab  
  106  12:24  Supply Depot  
  112  12:46  Supply Depot  
Tags
 
Add a new tag
Caveats
  • Supply blocks, unpowered buildings, or Contaminate may cause inaccurate times.
  • Supply counts are checked every 10 seconds.